 Dungeon Crawl Stone Soup version 0.21.1-1-g345015f (webtiles) character file.

51 nicolaieve the Chopper (level 3, -1/31 HPs)
             Began as a Minotaur Berserker on June 13, 2018.
             Was a Follower of Trog.
             Slain by a gnoll
             ... wielding a +0 whip of distortion
              (4 damage)
             ... on level 2 of the Dungeon.
             The game lasted 00:03:53 (1410 turns).

nicolaieve the Chopper (Minotaur Berserker)         Turns: 1410, Time: 00:03:53

Health: -1/31      AC:  3    Str: 21    XL:     3   Next: 58%
Magic:  2/2        EV: 12    Int:  4    God:    Trog [*.....]
Gold:   88         SH:  0    Dex: 10    Spells: 2/2 levels left

rFire    + . .     SeeInvis .   a - +0 hand axe
rCold    . . .     Gourm    .   (no shield)
rNeg     . . .     Faith    .   e - +0 leather armour
rPois    .         Spirit   .   (helmet restricted)
rElec    .         Reflect  .   (no cloak)
rCorr    .         Harm     .   (no gloves)
MR       .....                  (no boots)
Stlth    +.........             (no amulet)
HPRegen  0.10/turn              b - ring of protection from cold
MPRegen  0.08/turn              k - ring of fire

@: no status effects
A: retaliatory headbutt, horns 2
a: Berserk, Burn Spellbooks, Renounce Religion


You were on level 2 of the Dungeon.
You worshipped Trog.
Trog was aware of your devotion.
You were hungry.

You visited 1 branch of the dungeon, and saw 2 of its levels.

You collected 88 gold pieces.

Inventory:

Hand Weapons
 a - a +0 hand axe (weapon)
Armour
 e - a +0 leather armour (worn)
Jewellery
 b - a ring of protection from cold (left hand)
 k - a ring of fire (right hand)
Scrolls
 d - 2 scrolls of magic mapping {unknown}
 h - a scroll of enchant weapon {unknown}
 i - a scroll of identify {unknown}
 j - a scroll of teleportation {unknown}
Potions
 f - a potion of might {unknown}
 l - a potion of ambrosia {unknown}
Comestibles
 c - 5 rations
 g - a chunk of flesh


   Skills:
 - Level 3.6 Fighting
 + Level 5.6 Axes
 - Level 2.4 Armour
 - Level 2.1 Dodging


You had 2 spell levels left.
You didn't know any spells.

Dungeon Overview and Level Annotations

Branches:
Dungeon (2/15)

Altars:
Makhleb


Innate Abilities, Weirdness & Mutations

You reflexively headbutt those who attack you in melee.
You have a pair of horns on your head.


Message History

Some of the chunks of flesh in your inventory have rotted away.
You barely miss the kobold. The kobold barely misses you.
You hit the kobold but do no damage.
You kill the kobold!
Trog accepts your kill.
You see here a dagger.
A gnoll comes into view. It is wielding a whip of distortion.
The gnoll shouts!
You barely miss the gnoll. The gnoll closely misses you.
You hit the gnoll but do no damage.
You are feeling hungry.
The gnoll hits you with a whip of distortion.
Space bends around you.
* * * LOW HITPOINT WARNING * * *
You closely miss the gnoll. You headbutt the gnoll.
The gnoll is heavily wounded.
The gnoll hits you with a whip of distortion.
* * * LOW HITPOINT WARNING * * *
Space bends around you.
You die...

.... #.....# #........##.
.g...##.....#### #........##.
...............# #........#..
....##.######.# #........#.. .
#g# ###.## #........#.. #.#
#.)..# #...........
#.####....# #.......#...
#.........# #.......#...
##.####.g@.# #.......#...
...........# #.......##..
.............# #.......##..
...............# ##.#######).
...........##.#####..........>
..............................
###########...............####
#............)...######
##............#.....######


You could see a gnoll.

Vanquished Creatures
  3 adders (D:2)
  5 goblins
  4 hobgoblins
  2 kobolds
  3 bats
  2 frilled lizards (D:2)
  6 rats
25 creatures vanquished.

Notes
Turn   | Place    | Note
-------+----------+-------------------------------------------
     0 | D:1      | nicolaieve the Minotaur Berserker began the quest for the Orb.
     0 | D:1      | Reached XP level 1. HP: 19/19 MP: 0/0
   162 | D:1      | Reached skill level 4 in Axes
   366 | D:1      | Reached XP level 2. HP: 26/26 MP: 1/1
  1076 | D:2      | Found a burning altar of Makhleb.
  1141 | D:2      | Reached skill level 5 in Axes
  1141 | D:2      | Reached XP level 3. HP: 31/31 MP: 2/2
  1410 | D:2      | Slain by a gnoll

Skill      XL: |  1  2 |
---------------+-------+-----
Axes           | 4 5 |  5.6
Fighting       | |  3.6
Armour         | |  2.4
Dodging        | |  2.1

Action                   || total
-------------------------++-------
Melee: Hand axe          ||    55
       Headbutt          ||     6
  Eat: Chunk             ||     1
Armor: Leather armour    ||     9
       Animal skin       ||     1
Dodge: Dodged            ||    41
